 Dungeon Crawl Stone Soup version 0.28-a0-1344-g6b9ff3a05d (webtiles) character file.

Game seed: 16527377418478435405

105 Deminshera the Bolt Thrower (level 5, 0/30 HPs)
             Began as a Kobold Hunter on Dec 29, 2021.
             Succumbed to a gnoll's poison
             ... on level 3 of the Dungeon.
             The game lasted 00:04:20 (1562 turns).

Deminshera the Bolt Thrower (Kobold Hunter)         Turns: 1562, Time: 00:04:20

Health: 0/30       AC:  4    Str: 10    XL:     5   Next: 8%
Magic:  5/5        EV: 14    Int: 12    God:
Gold:   57         SH:  0    Dex: 17    Spells: 4/4 levels left

rFire   . . .      SeeInvis .   b - +3 quarterstaff (chaos)
rCold   . . .      Faith    .   (shield currently unavailable)
rNeg    . . .      Spirit   .   c - +0 leather armour
rPois   .          Reflect  .   (no helmet)
rElec   .          Harm     .   h - +0 cloak
rCorr   .          Rampage  .   (no gloves)
Will    .....                   (no boots)
Stlth   ++++......              (no amulet)
HPRegen 0.10/turn               (no ring)
MPRegen 0.09/turn               (no ring)

@: lethally poisoned (0 -> -9)
A: small, no large weapons, nightstalker 3
a: no special abilities


You were on level 3 of the Dungeon.
You visited 1 branch of the dungeon, and saw 3 of its levels.

You collected 57 gold pieces.

Inventory:

Hand Weapons
 a - a +1 hand crossbow
 b - a +3 quarterstaff of chaos (weapon)
 i - a +0 short sword
Missiles
 d - 40 bolts
Armour
 c - a +0 leather armour (worn)
 g - the +2 helmet of Tender Moments {rF++}
   (You acquired it on level 3 of the Dungeon)

   rF:        It greatly protects you from fire.
 h - a +0 cloak (worn)
Jewellery
 e - a +6 ring of strength
Potions
 f - a potion of cancellation


   Skills:
 - Level 2.1 Fighting
 + Level 5.9 Crossbows
 - Level 2.4 Dodging
 - Level 5.0 Stealth


You had 4 spell levels left.
You didn't know any spells.
Your spell library was empty.

Dungeon Overview and Level Annotations

Branches:
Dungeon (2/15)

Altars:
Trog

Shops:
D:1 (


Innate Abilities, Weirdness & Mutations

You are small and have problems with some larger weapons.
You are completely attuned to the shadows.


Message History

You kill the gnoll!
The gnoll barely misses you. The gnoll hits you with a +0 club.
The gnoll misses you.
You have reached level 5!
You feel stronger.
Things that are here:
a +0 whip; a gnoll corpse
Found a scroll labelled ZOEBLEPLUSHA.
You see here a scroll labelled ZOEBLEPLUSHA.
You hit the gnoll but do no damage. The gnoll hits you with a +0 club.
* * * LOW HITPOINT WARNING * * *
You closely miss the gnoll. The gnoll closely misses you.
Things that are here:
a +0 whip; a gnoll corpse
There is an open door here.
You close the door.
A gnoll breaks down the door.
You see here a +0 hunting sling.
There is an open door here.
You close the door.
A gnoll opens the door.
The gnoll shouts!
The gnoll barely misses you.
You barely miss the gnoll. The gnoll closely misses you.
You closely miss the gnoll. The gnoll closely misses you.
You closely miss the gnoll. The gnoll completely misses you.
You sock the gnoll! You freeze the gnoll.
The gnoll is severely wounded.
The gnoll hits you with a +0 halberd of venom.
* * * LOW HITPOINT WARNING * * *
You are lethally poisoned!
The gnoll misses you.
You closely miss the gnoll.
The gnoll is severely wounded.
* * * LOW HITPOINT WARNING * * *
You feel very sick. The gnoll closely misses you.
You hit the gnoll. You burn the gnoll.
You kill the gnoll!
You die...

# # #.###### ######
#........ #g...#
#..##.... #)##.#
#..##.##.
#@##.#####...#.##.
#.##...g.......##.
#.########g..####. #.#
#........ ### ##.######
#g# #.. ♣♣♣♣♣### ##'##
#.#
#####♣♣♣.♣....###...###.#
#...#♣..♣......#.....##.#


You could see a gnoll.

Vanquished Creatures
  Crazy Yiuf (D:3)
  4 gnolls
  3 dart slugs
  4 giant cockroaches
  3 goblins (D:1)
  8 hobgoblins
  2 kobolds
  4 quokkas (D:1)
  A ball python (D:2)
  5 bats
  7 rats
42 creatures vanquished.

Notes
Turn   | Place    | Note
-------+----------+-------------------------------------------
     0 | D:1      | Deminshera the Kobold Hunter began the quest for the Orb.
     0 | D:1      | Reached XP level 1. HP: 12/12 MP: 1/1
   110 | D:1      | Reached XP level 2. HP: 14/17 MP: 2/2
   180 | D:1      | Found Esoedw Himo's Antique Weapon Emporium.
   190 | D:1      | Reached skill level 5 in Crossbows
   233 | D:1      | Found a faded altar of an unknown god.
   309 | D:1      | Reached XP level 3. HP: 21/21 MP: 3/3
   740 | D:1      | Reached XP level 4. HP: 22/26 MP: 4/4
  1010 | D:2      | Found a bloodstained altar of Trog.
  1332 | D:2      | You fall into a shaft and drop 1 floor!
  1332 | D:3      | Noticed Crazy Yiuf
  1332 | D:3      | Found a runed translucent door.
  1336 | D:3      | Killed Crazy Yiuf
  1337 | D:3      | Reached skill level 5 in Stealth
  1438 | D:3      | Identified a scroll of acquirement
  1438 | D:3      | Acquired the +2 helmet of Tender Moments {rF++}
  1496 | D:3      | Reached XP level 5. HP: 9/30 MP: 5/5
  1562 | D:3      | Succumbed to a gnoll's poison

Illustrated notes

Levels and vault maps discovered:
D:1:      psy_arrival_radial02, layout_basic, serial_shops, nicolae_square_shop,
          ebering_ecumenical_altar_mist, item_on_display_a
D:2:      layout_rooms, basic_altar
D:3:      layout_loops_corners, grunt_decor_one_mirror, uniq_crazy_yiuf_cottage

Skill      XL: |  1  2  3  4 |
---------------+-------------+-----
Stealth        | 2 3 4 5 |  5.0
Crossbows      | 5 |  5.9
Fighting       | |  2.1
Dodging        | |  2.4

Action                   |  1- 3 |  4- 6 || total
-------------------------+-------+-------++-------
Melee: Quarterstaff      |       |    15 ||    15
 Fire: Hand crossbow     |    58 |    22 ||    80
  Use: Scroll            |       |     1 ||     1
       Potion            |       |     1 ||     1
 Stab: Sleeping          |       |     1 ||     1
Armor: Leather armour    |     6 |     3 ||     9
Dodge: Dodged            |    17 |    21 ||    38

Table legend: (Time is in decaauts)
 A = Elapsed time spent in this place.
 B = Non-inter-level travel time spent in this place.
 C = Inter-level travel time spent in this place.
 D = Time resting spent in this place.
 E = Time spent auto-exploring this place.
 F = Levels seen in this place.
 G = Mean time per level.
                   A        B        C        D        E       F      G
               +--------+--------+--------+--------+--------+-----+--------+
         Total |   1590 |   1579 |     11 |    108 |   1104 |   3 |  530.0 |
       Dungeon |   1590 |   1579 |     11 |    108 |   1104 |   3 |  530.0 |
               +--------+--------+--------+--------+--------+-----+--------+

Top non-repeatable levels by time:
     D:1: 1025 daAuts
     D:2: 330 daAuts
     D:3: 234 daAuts
